Map: King Sejong Station LE

Players

blackxored

  • Race: Zerg Zerg
  • League: Platinum

zergdrian - Winner!

  • Race: Terran Terran
  • League: Gold

VOD

Have the link to the VOD?

Description

Time

  • Played on: June 25, 2016, 6:27 p.m.
  • Length: 8:27
Show
View Real Time Build Order
Export as new Build Order

blackxored Zerg 

Build Orders: Hatch First 

Get SALT Encoding   

  12  0:01  Drone  
  13  0:08  Drone  
  14  0:16  Overlord  
  14  0:22  Extractor  
  14  0:23  Drone  
  15  0:38  Drone  
  15  0:39  Drone  
  17  0:53  Hatchery  
  17  0:55  Drone  
  17  1:10  Spawning Pool  
  16  1:14  Extractor, Drone  
  16  1:17  Drone  
  17  1:20  Drone  
  18  1:28  Drone  
  19  1:40  Overlord  
  19  1:50  Drone  
  20  1:57  Queen  
  22  2:04  Zergling x2  
  22  2:05  Queen  
  22  2:06  Zergling x2  
  26  2:12  Zergling x2  
  26  2:14  Metabolic Boost  
  27  2:29  Drone x3  
  30  2:43  Hatchery  
  29  2:48  Queen  
  31  2:53  Pneumatized Carapace  
  31  3:04  Drone x3  
  34  3:19  Drone x2  
  36  3:21  Overlord x2  
  36  3:42  Drone x6  
  36  3:47  Overlord  
  42  3:49  Overlord  
  42  3:50  Drone  
  43  4:02  Roach Warren  
  43  4:03  Extractor, Drone x4  
  43  4:07  Drone  
  46  4:10  Drone x3  
  49  4:23  Spine Crawler  
  48  4:24  Drone  
  48  4:28  Queen  
  51  4:33  Drone  
  52  4:42  Drone x11  
  63  4:45  Lair  
  63  4:50  Roach  
  63  4:51  Roach  
  67  4:53  Overlord  
  67  4:56  Overlord  
  67  5:15  Roach x7  
  67  5:21  Drone x4  
  85  5:25  Evolution Chamber  
  85  5:27  Zergling x2, Evolution Chamber  
  84  5:42  Roach x3  
  90  5:43  Overlord x3  
  90  5:49  Glial Reconstitution  
  90  6:06  Zerg Missile Weapons Level 1, Zerg Ground Armor Level 1  
  90  6:08  Queen  
  90  6:10  Roach x2  
  96  6:43  Drone  
  96  6:46  Extractor  
  96  6:47  Extractor  
  96  6:51  Drone  
  96  6:52  Drone x2  
  96  6:53  Drone x3  
  96  6:54  Drone x3  
  103  6:59  Extractor, Drone x2  
  103  7:00  Extractor  
  103  7:01  Drone x5  
  106  7:02  Drone x2  
  111  7:11  Roach  
  111  7:12  Overlord x3  
  113  7:20  Zergling x2  
  113  7:21  Zergling x6  
  102  7:23  Ravager x4  
  102  7:27  Zergling x2  
  102  7:28  Zergling x10  
  97  7:44  Roach x5  
  86  7:53  Roach  
  86  7:58  Zergling x4  
Show
View Real Time Build Order
Export as new Build Order

zergdrian Terran - Winner!

Build Orders: Command Center First (CC) 

Get SALT Encoding   

  12  0:01  SCV  
  13  0:13  SCV  
  14  0:21  Supply Depot  
  14  0:25  SCV  
  15  0:43  SCV  
  16  0:55  SCV  
  17  1:04  Command Center  
  17  1:07  SCV  
  18  1:16  Barracks  
  18  1:19  SCV  
  19  1:31  SCV  
  19  1:32  Refinery  
  20  1:35  Refinery  
  20  1:44  SCV  
  21  1:56  SCV  
  22  2:11  Bunker  
  22  2:12  Marine  
  22  2:13  Orbital Command  
  20  2:15  Orbital Command  
  23  2:22  Supply Depot  
  23  2:30  Marine  
  24  2:38  Factory  
  24  2:42  SCV  
  25  2:52  Marine  
  25  2:56  Factory  
  25  2:58  SCV x2  
  28  3:10  SCV x2  
  30  3:12  Barracks  
  30  3:16  Marine  
  31  3:22  Factory Tech Lab, SCV  
  31  3:25  Barracks  
  33  3:27  SCV  
  33  3:32  Refinery  
  33  3:36  SCV  
  33  3:39  SCV  
  35  3:47  Supply Depot, Factory Tech Lab  
  35  3:49  Siege Tank  
  35  3:50  SCV  
  39  3:56  Refinery, SCV  
  39  4:01  Barracks Tech Lab  
  40  4:08  Barracks  
  40  4:09  Barracks Reactor  
  40  4:14  Siege Tank  
  43  4:20  SCV  
  43  4:21  Engineering Bay  
  44  4:27  Supply Depot  
  44  4:30  Siege Tank  
  47  4:34  Barracks Reactor  
  47  4:41  SCV  
  47  4:42  SCV  
  49  4:45  Marine  
  49  4:46  Marine  
  51  4:53  SCV  
  51  4:54  SCV  
  53  5:00  Missile Turret  
  53  5:05  Marine x3, Missile Turret  
  53  5:06  SCV x2  
  58  5:08  Stimpack  
  58  5:13  Siege Tank  
  61  5:24  Supply Depot  
  61  5:28  Supply Depot  
  61  5:32  Supply Depot  
  61  5:35  Marine  
  62  5:37  Barracks Reactor  
  62  5:41  Supply Depot  
  62  5:45  Marine x2, Siege Tank  
  67  5:50  Supply Depot  
  67  5:53  Marine x3  
  70  5:58  Supply Depot  
  70  6:03  Marine x2  
  72  6:05  Starport  
  72  6:10  Marine x2, Siege Tank  
  72  6:11  Marine  
  78  6:19  Marine  
  79  6:33  Marine x5  
  79  6:34  Marine  
  79  6:37  Marine  
  86  6:42  Medivac  
  86  6:43  Starport  
  88  6:51  Marine x4  
  92  6:56  Marine x2  
  92  6:57  Marine  
  95  7:12  Medivac  
  96  7:33  Marine  
  79  7:54  Marine x7  
Tags
 
Add a new tag
Caveats
  • Supply blocks, unpowered buildings, or Contaminate may cause inaccurate times.
  • Supply counts are checked every 10 seconds.